 Dungeon Crawl Stone Soup version 0.22-a0-307-g2b15929 (webtiles) character file.

388 grizmgrazm2 the Ruffian (level 6, -3/53 HPs)
             Began as a Ghoul Abyssal Knight on Apr 1, 2018.
             Was a Priest of Lugonu.
             Slain by an iguana (6 damage)
             ... on level 4 of the Dungeon.
             The game lasted 00:11:47 (3378 turns).

grizmgrazm2 the Ruffian (Ghoul Abyssal Knight)      Turns: 3378, Time: 00:11:48

Health: -3/53      AC:  5    Str: 18    XL:     6   Next: 79%
Magic:  7/7        EV: 11    Int:  7    God:    Lugonu [***...]
Gold:   161        SH:  0    Dex:  8    Spells: 5/5 levels left

rFire    + . .     SeeInvis .     - Unarmed
rCold    + + .     Gourm    .   (no shield)
rNeg     + + +     Faith    +   h - +0 ring mail
rPois    ∞         Spirit   .   (no helmet)
rElec    +         Reflect  .   (no cloak)
rCorr    +         Harm     .   (no gloves)
MR       .....                  (no boots)
Stlth    +.........             f - amulet of faith
HPRegen  0.00/turn              i - ring of flight
MPRegen  0.10/turn              (no ring)

@: resistant, rotting
A: rotting body, claws 1, carnivore, cold resistance 1, negative energy
resistance 3, inhibited regeneration, torment resistance, unbreathing
a: Depart the Abyss, Bend Space, Banish, Renounce Religion, Evoke Flight


You were on level 4 of the Dungeon.
You worshipped Lugonu.
Lugonu was most pleased with you.
You were not hungry.

You visited 1 branch of the dungeon, and saw 4 of its levels.
You visited the Abyss 1 time.

You collected 161 gold pieces.

Inventory:

Armour
 h - a +0 ring mail (worn)
Jewellery
 c - an uncursed amulet of harm {unknown}
 f - an amulet of faith (around neck)
 i - a ring of flight (left claw)
 j - an uncursed ring of protection from fire {unknown}
 k - a cursed -4 ring of evasion {unknown}
Wands
 o - a wand of paralysis (21)
Scrolls
 l - a scroll of identify {unknown}
 m - a scroll of remove curse {unknown}
 n - a scroll of noise {unknown}
Potions
 e - a potion of flight {unknown}
 p - 2 potions of cancellation {unknown}
Comestibles
 b - 8 rations
 g - a chunk of flesh


   Skills:
 + Level 4.4 Fighting
 + Level 3.0 Armour
 + Level 2.2 Dodging
 + Level 0.9 Stealth
 + Level 4.8 Unarmed Combat
 * Level 3.3 Invocations


You had 5 spell levels left.
You didn't know any spells.

Dungeon Overview and Level Annotations

Branches:
Dungeon (4/15)             Temple (0/1) D:4

Altars:
Dithmenos
Okawaru


Innate Abilities, Weirdness & Mutations

Your body is rotting away.
You thrive on raw meat.
You are immune to poison.
You have sharp fingernails.
You are carnivorous and can eat meat at any time.
Your flesh is cold resistant. (rC+)
You are immune to negative energy. (rN+++)
You do not regenerate when monsters are visible.
You are immune to unholy pain and torment.
You can survive without breathing.


Message History

* * * LOW HITPOINT WARNING * * *
Eat one of 3 chunks of flesh? (ye/n/q)
You eat one of the 3 chunks of flesh.
This raw flesh tastes great!
The iguana bites you!
* * * LOW HITPOINT WARNING * * *
You barely miss the iguana.
The iguana is severely wounded.
The iguana bites you.
* * * LOW HITPOINT WARNING * * *
Eat one of 2 chunks of flesh? (ye/n/q)
You eat one of the 2 chunks of flesh.
This raw flesh tastes great!
The iguana bites you!
* * * LOW HITPOINT WARNING * * *
It was a potion of berserk rage.
You cannot raise a blood rage in your lifeless body.
The iguana barely misses you.
It was a potion of resistance.
You feel protected. The iguana bites you.
You die...

.[.........##.#
..............#
#.........##..#
##.......###..#
##.#.#####...#
#.#. #..#.# #
#. #.##.#
#.##.# #@##.#
#l##.# #.##.#
.....# ###....
... .... .$...
.#.#..


You could see an iguana.

Vanquished Creatures
  An ogre (D:4)
  A crimson imp (D:4)
  Natasha (thrice) (D:2)
  4 gnolls
  6 adders
  2 oozes
  2 adder skeletons
  A worm (D:2)
  A dart slug (D:1)
  6 orcs
  A giant cockroach (D:1)
  3 goblins
  12 hobgoblins
  8 jackals
  3 quokkas
  A ball python (D:3)
  11 bats
  7 frilled lizards
  8 kobolds
  7 rats
88 creatures vanquished.

Notes
Turn   | Place    | Note
-------+----------+-------------------------------------------
     0 | Abyss:1  | grizmgrazm2 the Ghoul Abyssal Knight began the quest for the Orb.
     0 | Abyss:1  | Reached XP level 1. HP: 19/19 MP: 1/1
   140 | Abyss:1  | Noticed a large abomination
   143 | D:1      | Escaped the Abyss
   308 | D:1      | Reached XP level 2. HP: 22/26 MP: 2/2
   337 | D:1      | Reached * piety under Lugonu
   979 | D:1      | Reached XP level 3. HP: 33/33 MP: 3/3
  1326 | D:2      | Reached skill level 1 in Dodging
  1368 | D:2      | Found a shadowy altar of Dithmenos.
  1561 | D:2      | Noticed Natasha
  1585 | D:2      | Killed Natasha
  1585 | D:2      | Reached XP level 4. HP: 31/40 MP: 4/4
  1651 | D:2      | Noticed Natasha
  1689 | D:2      | Killed Natasha
  1868 | D:2      | Reached XP level 5. HP: 44/46 MP: 5/5
  1987 | D:2      | Reached ** piety under Lugonu
  2149 | D:2      | Noticed Natasha
  2162 | D:2      | Killed Natasha
  2812 | D:3      | Reached XP level 6. HP: 50/53 MP: 7/7
  2847 | D:3      | Reached *** piety under Lugonu
  3204 | D:4      | Found a staircase to the Ecumenical Temple.
  3289 | D:4      | Found an iron altar of Okawaru.
  3378 | D:4      | Slain by an iguana

Vault maps used:
D:1:      sevenhm_arrival_forest_fort_large_4, minmay_heptomino_o4
D:2:      nicolae_dithmenos_through_a_glass_darkly, minmay_small_reverse_x,
          uniq_natasha
D:4:      okawaru_ov_weapons_minmay, fedhas_altar_fruit_tree,
          minmay_temple_entry_junction, serial_shops, nicolae_shop_crystal

Skill      XL: |  1  2  3  4  5  6 |
---------------+-------------------+-----
Dodging        | 1 2 |  2.2
Unarmed Combat | 3 4 |  4.8
Armour         | 2 3 |  3.0
Fighting       | 4 |  4.4
Invocations    | 3 |  3.3
Stealth        | |  0.9

Action                   |  1- 3 |  4- 6 || total
-------------------------+-------+-------++-------
Melee: Unarmed           |   138 |   251 ||   389
       Punch             |     2 |     3 ||     5
Throw: Throwing net      |       |     1 ||     1
Invok: Depart the Abyss  |     1 |       ||     1
  Use: Potion            |     1 |     2 ||     3
       Scroll            |       |     5 ||     5
  Eat: Chunk             |    17 |    33 ||    50
Armor: Leather armour    |    32 |       ||    32
       Ring mail         |    19 |    73 ||    92
Dodge: Dodged            |   110 |   154 ||   264

Table legend:
 A = Spawn XP
 B = Non-spawn XP
 C = Spawn XP percentage of total XP
 D = Spawn monster count
 E = Non-spawn monster count
 F = Spawn count percentage of total count
 G = Total turns spent on level
                    A         B        C        D         E        F      G
               +---------+---------+-------+---------+---------+-------+---------
         Total |       0 |     555 |   0.0 |       0 |      88 |   0.0 |  3378
               +---------+---------+-------+---------+---------+-------+---------
           D:1 |       0 |      40 |   0.0 |       0 |      23 |   0.0 |  1188
           D:2 |       0 |     206 |   0.0 |       0 |      33 |   0.0 |  1178
           D:3 |       0 |     113 |   0.0 |       0 |      22 |   0.0 |   590
           D:4 |       0 |     196 |   0.0 |       0 |      10 |   0.0 |   279
               +---------+---------+-------+---------+---------+-------+---------
